 Dungeon Crawl Stone Soup version 0.23.1 (webtiles) character file.

Game seed: 13990352931763347993

3088 Norn the Spear-Bearer (level 9, 0/70 HPs)
             Began as a Merfolk Skald on Mar 7, 2019.
             Was a Follower of Ashenzari.
             Slain by a troll (7 damage)
             ... on level 9 of the Dungeon on Mar 8, 2019.
             The game lasted 00:19:08 (9978 turns).

Norn the Spear-Bearer (Merfolk Skald)               Turns: 9978, Time: 00:19:09

Health: 0/70       AC:  6    Str: 12    XL:     9   Next: 89%
Magic:  12/12      EV: 16    Int: 14    God:    Ashenzari [*.....]
Gold:   338        SH:  0    Dex: 14    Spells: 4/12 levels left

rFire    . . .     SeeInvis .   h - +3 dagger (venom)
rCold    + . .     Gourm    .   (no shield)
rNeg     . . .     Faith    .   b - +0 leather armour
rPois    .         Spirit   .   y - +1 helmet (curse)
rElec    .         Reflect  .   u - +0 cloak
rCorr    +         Harm     .   (no gloves)
MR       .....                  (no boots)
Stlth    +.........             (no amulet)
HPRegen  0.21/turn              i - ring of resist corrosion
MPRegen  0.13/turn              o - ring of protection from cold

@: lethally poisoned (0 -> -21), vulnerable
A: change form in water, swift swim, stealthy swim
a: Curse Item, Scrying, Renounce Religion


You were on level 9 of the Dungeon.
You worshipped Ashenzari.
Ashenzari was aware of your devotion.
You were not hungry.

You visited 2 branches of the dungeon, and saw 10 of its levels.

You collected 338 gold pieces.

Inventory:

Hand Weapons
 a - a +0 spear
 h - a +3 dagger of venom (weapon)
   (You took it off a goblin on level 1 of the Dungeon)
 A - a +0 blowgun
   (You took it off a kobold on level 6 of the Dungeon)
Missiles
 B - 30 poisoned needles
 G - a throwing net (quivered) {!f}
Armour
 b - a +0 leather armour (worn)
 u - a +0 cloak (worn)
   (You found it on level 3 of the Dungeon)
 y - a cursed +1 helmet (worn)
   (You found it on level 3 of the Dungeon)
Jewellery
 i - a ring of resist corrosion (left hand)
   (You found it on level 5 of the Dungeon)
 o - a ring of protection from cold (right hand)
   (You found it on level 2 of the Dungeon)
 x - an uncursed ring of wizardry
   (You found it on level 4 of the Dungeon)
 z - an uncursed ring of see invisible
   (You found it on level 4 of the Dungeon)
Wands
 t - a wand of flame (19)
   (You found it on level 4 of the Dungeon)
 C - a wand of enslavement (9)
   (You found it on level 7 of the Dungeon)
Scrolls
 d - 3 scrolls of identify {@r1}
 j - 6 scrolls of remove curse {@r2}
 k - 2 scrolls of immolation {unknown}
 l - 2 scrolls of enchant armour {unknown}
 m - 2 scrolls of enchant weapon
 r - 2 scrolls of fog
 s - a scroll of random uselessness {unknown}
 E - a scroll of vulnerability {!r}
 F - a scroll of silence {unknown}
Potions
 c - 5 potions of curing {@q1}
 f - 6 potions of mutation {!q}
 g - a potion of brilliance
 n - a potion of resistance {unknown}
 p - 2 potions of ambrosia
 q - 2 potions of heal wounds {@q2}
 v - a potion of lignification {!q}
 w - a potion of agility {unknown}
 D - a potion of might {unknown}
Comestibles
 e - 9 rations {!d}
 H - 14 chunks of flesh


   Skills:
 + Level 6.3 Fighting
 * Level 11.4 Polearms
 - Level 0.6 Armour
 + Level 7.7 Dodging
 - Level 2.0 Spellcasting
 + Level 5.0 Hexes
 + Level 6.9 Charms


You had 4 spell levels left.
You knew the following spells:

 Your Spells              Type           Power        Failure   Level  Hunger
a - Infusion              Chrm           ###.         1%          1    ##.....
q - Shroud of Golubria    Chrm/Tloc      ##........   11%         2    ###....
t - Spectral Weapon       Hex/Chrm       ###.....     8%          3    ####...
w - Song of Slaying       Chrm           ###.....     2%          2    ###....

Your spell library contained the following spells:

 Spells                   Type           Power        Failure   Level  Hunger
 Regeneration             Chrm/Necr      ##........   22%         3    ####...


Dungeon Overview and Level Annotations

Branches:
Dungeon (9/15)             Temple (1/1) D:6
   Lair: D:8-11         Orc: D:9-12

Altars:
Ashenzari
Cheibriados
Dithmenos
Elyvilon
Gozag
Hepliaklqana
Kikubaaqudgha
Makhleb
Nemelex Xobeh
Okawaru
Qazlal
Ru
Sif Muna
Trog
Uskayaw
Xom
Yredelemnul
Zin
The Shining One


Message History

Your song has ended.
You feel sick. The water moccasin closely misses you.
The water moccasin bites you.
You barely miss the water moccasin.
You feel sick. The water moccasin barely misses you.
You hit the water moccasin.
You feel sick.
The water moccasin completely misses you.
You hit the water moccasin.
You feel sick. The water moccasin bites you.
You are more poisoned.
The water moccasin poisons you! The water moccasin barely misses you.
An ice beast comes into view.
You hit the water moccasin but do no damage.
You feel sick. The water moccasin misses you.
You hit the water moccasin.
You feel sick.
The water moccasin bites you but does no damage.
The water moccasin bites you!
* * * LOW HITPOINT WARNING * * *
You are lethally poisoned!
The water moccasin poisons you!
As you read the scroll labeled HIDGHA XISOMIXE, it crumbles to dust.
The scroll dissolves into smoke.
It was a scroll of fog.
* * * LOW HITPOINT WARNING * * *
You feel very sick. The water moccasin barely misses you.
The troll barely misses you. x2
The troll closely misses you.
As you read the scroll labeled KOLYNLOPPES, it crumbles to dust.
Magic quickly surges around you.
It was a scroll of vulnerability.
* * * LOW HITPOINT WARNING * * *
You feel sick.
The water moccasin bites you but does no damage.
The troll closely misses you. The troll claws you but does no damage.
The troll claws you.
* * * LOW HITPOINT WARNING * * *
As you read the scroll labeled PEYNONTIUW, it crumbles to dust.
It is a scroll of enchant weapon.
Your +2 dagger of venom glows red for a moment.
* * * LOW HITPOINT WARNING * * *
You feel sick.
You kill the water moccasin!
Your Hexes skill increases to level 5!
The ice beast barely misses you. The troll bites you.
* * * LOW HITPOINT WARNING * * *
The troll barely misses you. The troll closely misses you.
The crimson imp blinks!
Unknown command.
* * * LOW HITPOINT WARNING * * *
You feel sick. The troll bites you!
* * * LOW HITPOINT WARNING * * *
The troll claws you but does no damage. The troll claws you!
You die...

#.........._.....
#................
########................
........................
########.##########.....
#§# #...## #§# #...
###Y# #...## ....§§@T#
#. ... ....§§§§§ ...
....§§§### ### ####...
#... #..> #...


You could see a troll and an ice beast.

Vanquished Creatures
  Grinder (D:4)
  A hungry ghost (D:9)
  A water moccasin (D:9)
  2 sky beasts
  A phantom (D:8)
  An ogre (D:6)
  6 centaurs
  A big kobold (D:6)
  4 bullfrogs
  2 scorpions (D:6)
  8 killer bees
  2 crimson imps
  5 howler monkeys
  4 hounds
  3 orc priests
  A jelly (D:7)
  A bullfrog skeleton (D:7)
  2 iguanas
  4 orc wizards
  3 worker ants (D:8)
  A killer bee zombie (D:7)
  A hound skeleton (D:5)
  A worker ant zombie (D:8)
  Robin (D:4)
  7 adders
  4 oozes
  A dart slug (D:1)
  2 leopard geckos
  34 orcs
  A ball python (D:8)
  9 bats
  2 giant cockroaches (D:3)
  13 goblins
  8 hobgoblins
  8 jackals
  14 kobolds
  A quokka (D:2)
  3 frilled lizards (D:1)
  A leopard gecko skeleton (D:7)
  6 rats
171 creatures vanquished.

Vanquished Creatures (others)
  An orc wizard (D:9)
1 creature vanquished.

Grand Total: 172 creatures vanquished

Notes
Turn   | Place    | Note
-------+----------+-------------------------------------------
     0 | D:1      | Norn the Merfolk Skald began the quest for the Orb.
     0 | D:1      | Reached XP level 1. HP: 16/16 MP: 3/3
    58 | D:1      | Reached XP level 2. HP: 23/23 MP: 5/5
   178 | D:1      | Reached XP level 3. HP: 5/28 MP: 6/6
   182 | D:1      | Reached skill level 4 in Polearms
  1484 | D:3      | Reached XP level 4. HP: 30/34 MP: 7/7
  1825 | D:3      | Learned a level 2 spell: Song of Slaying
  1829 | D:3      | Learned a level 3 spell: Spectral Weapon
  1844 | D:3      | Reached skill level 5 in Polearms
  1890 | D:3      | Reached XP level 5. HP: 35/41 MP: 8/8
  2277 | D:3      | Found a faded altar of an unknown god.
  2476 | D:4      | Noticed Robin
  2505 | D:4      | Killed Robin
  2773 | D:4      | Reached skill level 1 in Hexes
  2773 | D:4      | Reached XP level 6. HP: 46/47 MP: 9/9
  3003 | D:4      | Reached skill level 6 in Polearms
  3219 | D:4      | Found a shadowy altar of Dithmenos.
  3223 | D:4      | Noticed Grinder
  3369 | D:4      | You fall through a shaft!
  3369 | D:5      | Entered Level 5 of the Dungeon
  3451 | D:5      | Reached XP level 7. HP: 26/53 MP: 10/10
  3865 | D:5      | You fall through a shaft!
  3865 | D:6      | Found a hide-covered altar of Uskayaw.
  3866 | D:6      | Noticed a +0 hand axe
  3866 | D:6      | Noticed a +0 dagger
  3900 | D:6      | Found a staircase to the Ecumenical Temple.
  3913 | Temple   | Entered the Ecumenical Temple
  3918 | Temple   | Reached skill level 7 in Polearms
  3918 | Temple   | Reached skill level 5 in Dodging
  4609 | D:5      | Reached skill level 5 in Charms
  4781 | D:4      | Paralysed by Grinder for 5 turns
  4799 | D:4      | Paralysed by Grinder for 5 turns
  4803 | D:4      | HP: 2/54 [Grinder (5)]
  4807 | D:4      | Killed Grinder
  4807 | D:4      | Reached skill level 8 in Polearms
  4807 | D:4      | Reached XP level 8. HP: 31/61 MP: 11/11
  5094 | D:5      | Found a sparkling altar of Nemelex Xobeh.
  6242 | D:6      | Found a stormy altar of Qazlal.
  6242 | D:6      | Found an iron altar of Okawaru.
  6243 | D:6      | Found a snail-covered altar of Cheibriados.
  6340 | D:6      | Reached skill level 5 in Fighting
  6340 | D:6      | Reached skill level 9 in Polearms
  6626 | D:6      | Found a shattered altar of Ashenzari.
  6652 | D:6      | Became a worshipper of Ashenzari the Shackled
  7322 | D:7      | Reached XP level 9. HP: 25/68 MP: 12/12
  7603 | D:7      | Reached skill level 10 in Polearms
  9055 | D:8      | Found a hazy altar of Hepliaklqana.
  9056 | D:8      | Found a shimmering altar of Xom.
  9070 | D:8      | Noticed a spectral ugly thing
  9755 | D:9      | Reached * piety under Ashenzari
  9759 | D:9      | Learned a level 2 spell: Shroud of Golubria
  9799 | D:9      | Reached skill level 11 in Polearms
  9891 | D:9      | Found a snail-covered altar of Cheibriados.
  9967 | D:9      | Noticed a troll
  9977 | D:9      | Reached skill level 5 in Hexes
  9978 | D:9      | Slain by a troll

Skill      XL: |  1  2  3  4  5  6  7  8  9 |
---------------+----------------------------+-----
Dodging        | 3 4 5 6 7 |  7.7
Polearms       | 4 5 6 8 9 11 | 11.4
Fighting       | 3 4 5 6 |  6.3
Charms         | 4 5 6 |  6.9
Hexes          | 1 2 3 5 |  5.0
Armour         | |  0.6
Spellcasting   | |  2.0

Action                   |  1- 3 |  4- 6 |  7- 9 || total
-------------------------+-------+-------+-------++-------
Melee: Spear             |    28 |       |       ||    28
       Dagger            |    71 |   208 |   485 ||   764
 Cast: Shroud of Golubri |       |       |     3 ||     3
       Song of Slaying   |       |       |     3 ||     3
       Infusion          |       |       |     2 ||     2
       Spectral Weapon   |       |       |     2 ||     2
Invok: Curse Item        |       |       |     1 ||     1
  Use: Scroll            |       |     8 |     7 ||    15
       Potion            |       |       |     2 ||     2
 Stab: Sleeping          |       |     1 |       ||     1
  Eat: Chunk             |       |     8 |    16 ||    24
       Ration            |       |       |     2 ||     2
Armor: Leather armour    |    22 |    86 |   120 ||   228
Dodge: Dodged            |    58 |   168 |   416 ||   642
